 Dungeon Crawl Stone Soup version 0.22-a0-159-g7ce444f (webtiles) character file.

9772 4thArraOfDagon the Zephyrmancer (level 11, -7/91 HPs)
             Began as a Halfling Air Elementalist on Feb 9, 2018.
             Was an Elder of Vehumet.
             Mangled by a white ugly thing (28 damage)
             ... on level 10 of the Dungeon.
             The game lasted 00:43:44 (8663 turns).

4thArraOfDagon the Zephyrmancer (HaAE)              Turns: 8663, Time: 00:43:44

Health: -7/91      AC: 25    Str:  9    XL:     11   Next: 80%
Magic:  11/28      EV:  3    Int: 16    God:    Vehumet [****..]
Gold:   548        SH:  0    Dex: 16    Spells: 8/21 levels left

rFire    . . .     SeeInvis .   J - +0 trident (protect)
rCold    . . .     Gourm    .   (shield currently unavailable)
rNeg     + + +     Faith    .   (armour currently unavailable)
rPois    +         Spirit   .   (helmet currently unavailable)
rElec    .         Reflect  .   (cloak currently unavailable)
rCorr    +         Harm     .   (gloves currently unavailable)
MR       .....     NoTele   +   (boots currently unavailable)
Stlth    ++........             O - amulet of the acrobat
HPRegen  0.25/turn              f - ring of magical power
MPRegen  0.21/turn              S - ring of resist corrosion

@: tree-form (expiring)
A: small, mutation resistance 1
a: Renounce Religion


You were on level 10 of the Dungeon.
You worshipped Vehumet.
Vehumet was greatly pleased with you.
You were hungry.
You were a tree.
You visited 2 branches of the dungeon, and saw 11 of its levels.

You collected 576 gold pieces.
You spent 28 gold pieces at shops.

Inventory:

Hand Weapons
 e - a +1 flail of protection
 J - a +0 trident of protection (weapon)
Armour
 g - a +0 pair of boots
 t - +0 storm dragon scales
 v - a +2 robe of positive energy
 y - a +2 pair of boots of stealth (melded)
 D - a +0 pair of gloves (melded)
 G - a +1 helmet (melded)
 K - a +0 cloak (melded)
 N - the +0 leather armour of Noon {Str+3}
   (You found it on level 7 of the Dungeon)

   It affects your strength (+3).
 V - a +2 robe of fire resistance (melded)
Magical Staves
 s - an uncursed staff of summoning {!a}
Jewellery
 f - a ring of magical power (left branch)
 F - an uncursed ring of see invisible
 H - an uncursed ring of fire
 O - an amulet of the acrobat (around neck)
 Q - an uncursed ring of stealth
 S - a ring of resist corrosion (right branch)
Wands
 i - a wand of polymorph (11)
 E - a wand of random effects (35)
 L - a wand of enslavement (5)
 U - a wand of acid (8)
Scrolls
 l - a scroll of fog
 m - a scroll of brand weapon {unknown}
 n - 8 scrolls of remove curse
 o - 8 scrolls of teleportation
 r - 2 scrolls of blinking {unknown}
 u - 2 scrolls of magic mapping {unknown}
 x - 3 scrolls of random uselessness {unknown}
 C - 3 scrolls of noise {unknown}
 M - a scroll of immolation
 P - a scroll of enchant armour
 R - a scroll of vulnerability {unknown}
Potions
 a - 2 potions of mutation
 h - 2 potions of magic
 j - 4 potions of flight
 k - 4 potions of curing
 p - 5 potions of haste
 z - a potion of might
 A - 2 potions of resistance
 B - a potion of brilliance
Books
 b - a book of Air

   Spells                             Type                      Level
   a - Shock                          Conjuration/Air              1
   b - Swiftness                      Charms/Air                   2
   c - Static Discharge               Conjuration/Air              3
   d - Airstrike                      Air                          4
   e - Lightning Bolt                 Conjuration/Air              5
 q - a book of Frost

   Spells                             Type                      Level
   a - Freeze                         Ice                          1
   b - Throw Frost                    Conjuration/Ice              2
   c - Ozocubu's Armour               Charms/Ice                   3
   d - Throw Icicle                   Conjuration/Ice              4
   e - Summon Ice Beast               Ice/Summoning                4
 I - a book of Misfortune

   Spells                             Type                      Level
   a - Confusing Touch                Hexes                        1
   b - Confuse                        Hexes                        3
   c - Gell's Gravitas                Translocation                3
   d - Petrify                        Transmutation/Earth          4
   e - Metabolic Englaciation         Hexes/Ice                    5
   f - Yara's Violent Unravelling     Hexes/Transmutation          5
Comestibles
 c - 14 rations
 T - 8 chunks of flesh


   Skills:
 + Level 8.0 Dodging
 - Level 2.1 Stealth
 + Level 5.6 Spellcasting
 - Level 0.7 Conjurations
 * Level 14.3 Air Magic


You had 8 spell levels left.
You knew the following spells:

 Your Spells              Type           Power        Failure   Level  Hunger
a - Shock                 Conj/Air       ####         1%          1    None
b - Airstrike             Air            ######....   1%          4    ####...
c - Static Discharge      Conj/Air       ####....     1%          3    ##.....
d - Lightning Bolt        Conj/Air       ####......   4%          5    ######.


Dungeon Overview and Level Annotations

Branches:
Dungeon (10/15)            Temple (1/1) D:6
   Lair: D:8-11         Orc: D:9-12

Altars:
Fedhas
Gozag
Hepliaklqana
Kikubaaqudgha
Makhleb
Nemelex Xobeh
Okawaru
Ru
Sif Muna
Trog
Vehumet
Wu Jian
Xom
Yredelemnul
Zin

Shops:
D:9 *}

Annotations:
D:4 Blork the orc
D:5 1 runed door


Innate Abilities, Weirdness & Mutations

You are small and have problems with some larger weapons.
You are somewhat resistant to further mutation.


Message History

* * * LOW HITPOINT WARNING * * *
The white ugly thing claws you but does no damage.
The white ugly thing bites you but does no damage.
Unknown command.
Unknown command.
Casting: Static Discharge (safe; 1% risk of failure)
Confirm with . or Enter, or press ? or * to list all spells.
The white ugly thing is struck by lightning.
The white ugly thing is almost dead.
The lightning arcs!
The white ugly thing is struck by lightning.
The white ugly thing is severely wounded.
The lightning grounds out.
You are feeling hungry.
Your transformation is almost over.
The white ugly thing tail-slaps you but does no damage.
The white ugly thing claws you.
* * * LOW HITPOINT WARNING * * *
The white ugly thing freezes you!!
You die...

#.######## #.#....#
#....#.# ###..#.#
#..#.##### ####≈
########.#.....# #≈≈≈..
[........#.###.###......
#.######.#.# #..u#......
#......#.#####..♣uu.....
######.#.......#u#≈.....
.....#.#.#..######≈≈....
###.##.#....##...##≈≈≈≈≈
#.##.#.##.##.#.# ####≈
#....#.##.##.#.##
######..........#
#..#.##.#..#
#..........#


You could see 4 ugly things.

Vanquished Creatures
  2 two-headed ogres
  The ghost of mhoghedin the Insei, a novice GnTm of Cheibriados (D:3)
  An ugly thing (D:10)
  Joseph (D:8)
  Psyche (D:10)
  A troll (D:7)
  2 hippogriffs
  Sigmund (D:2)
  A wyvern (D:9)
  12 yaks
  Eustachio (D:6)
  A hungry ghost (D:10)
  3 orc warriors
  An ice beast (D:6)
  5 sky beasts
  3 ogres
  4 centaurs
  A crocodile (D:10)
  5 bullfrogs
  9 scorpions
  7 killer bees
  8 wights (D:7)
  7 howler monkeys
  4 crimson imps
  A quasit (D:9)
  5 orc priests
  3 hounds
  A jelly (D:9)
  14 orc wizards
  A bullfrog skeleton (D:6)
  3 iguanas
  5 worker ants
  A hound zombie (D:5)
  Robin (D:2)
  A howler monkey zombie (D:6)
  11 adders
  4 gnolls (D:4)
  2 shadow imps
  2 oozes (D:4)
  An adder zombie (D:6)
  An adder skeleton (D:3)
  2 dart slugs
  3 leopard geckos
  29 orcs
  2 ball pythons
  10 bats
  5 giant cockroaches
  15 goblins
  9 hobgoblins
  9 jackals
  5 kobolds
  2 quokkas
  4 frilled lizards
  A jackal skeleton (D:4)
  11 rats
246 creatures vanquished.

Vanquished Creatures (collateral kills)
  A worker ant (D:9)
  An orc (D:9)
2 creatures vanquished.

Vanquished Creatures (others)
  An ugly thing (D:10)
1 creature vanquished.

Grand Total: 249 creatures vanquished

Notes
Turn   | Place    | Note
-------+----------+-------------------------------------------
     0 | D:1      | 4thArraOfDagon the Halfling Air Elementalist began the quest for the Orb.
     0 | D:1      | Reached XP level 1. HP: 11/11 MP: 3/3
   132 | D:1      | Reached XP level 2. HP: 11/17 MP: 2/4
   256 | D:1      | Reached XP level 3. HP: 18/21 MP: 3/5
   777 | D:2      | Noticed Sigmund
   903 | D:3      | Noticed mhoghedin's ghost (novice GnTm)
  1210 | D:4      | Noticed an ogre
  1214 | D:4      | Reached XP level 4. HP: 27/27 MP: 7/7
  1223 | D:4      | Learned a level 4 spell: Airstrike
  1239 | D:5      | Entered Level 5 of the Dungeon
  1297 | D:4      | Noticed Blork the orc
  1348 | D:3      | Reached skill level 4 in Air Magic
  1598 | D:3      | Reached XP level 5. HP: 3/31 MP: 8/8
  1898 | D:3      | Reached skill level 5 in Air Magic
  2046 | D:4      | Reached XP level 6. HP: 33/36 MP: 7/9
  2115 | D:5      | Reached skill level 6 in Air Magic
  2205 | D:5      | Found a runed door.
  2325 | D:5      | Reached XP level 7. HP: 41/41 MP: 10/10
  2423 | D:6      | Noticed Eustachio
  2497 | D:5      | Reached skill level 7 in Air Magic
  2716 | D:7      | Learned a level 3 spell: Static Discharge
  3045 | D:6      | Found a staircase to the Ecumenical Temple.
  3051 | D:6      | Reached skill level 8 in Air Magic
  3057 | Temple   | Entered the Ecumenical Temple
  3081 | Temple   | Became a worshipper of Vehumet
  3154 | D:6      | Reached XP level 8. HP: 27/46 MP: 11/11
  3326 | D:6      | Killed Eustachio
  3326 | D:6      | Reached skill level 9 in Air Magic
  3771 | D:2      | Found an ancient bone altar of Kikubaaqudgha.
  3771 | D:2      | Found an iron altar of Okawaru.
  3874 | D:2      | Killed Sigmund
  3874 | D:2      | Reached skill level 10 in Air Magic
  4111 | D:1      | Reached * piety under Vehumet
  4111 | D:1      | Offered knowledge of Sandblast by Vehumet.
  4310 | D:2      | Noticed Robin
  4312 | D:2      | Killed Robin
  4640 | D:3      | Killed mhoghedin's ghost
  4640 | D:3      | Reached skill level 11 in Air Magic
  4640 | D:3      | Reached XP level 9. HP: 40/51 MP: 0/12
  5498 | D:6      | Reached ** piety under Vehumet
  5511 | D:6      | Offered knowledge of Magic Dart by Vehumet.
  5879 | D:7      | Found an opulent altar of Gozag.
  5967 | D:7      | Reached skill level 12 in Air Magic
  6013 | D:7      | Reached XP level 10. HP: 38/56 MP: 8/14
  6272 | D:7      | Got a crude leather armour
  6283 | D:7      | Identified the +0 leather armour of Noon {Str+3} (You found it on level 7 of the Dungeon)
  6387 | D:7      | Offered knowledge of Throw Flame by Vehumet.
  6529 | D:8      | Found a basalt altar of Yredelemnul.
  6543 | D:8      | Reached skill level 5 in Dodging
  6598 | D:8      | Noticed Joseph
  6621 | D:8      | Killed Joseph
  6740 | D:8      | Found a bloodstained altar of Trog.
  7003 | D:9      | Noticed a two-headed ogre
  7094 | D:9      | Reached *** piety under Vehumet
  7229 | D:9      | Reached skill level 13 in Air Magic
  7289 | D:9      | Found a sacrificial altar of Ru.
  7314 | D:9      | Offered knowledge of Sticky Flame by Vehumet.
  7569 | D:9      | Killed a two-headed ogre
  7569 | D:9      | Reached XP level 11. HP: 61/61 MP: 2/18
  7591 | D:9      | Found Wiyvvopn's Gadget Shop.
  7913 | D:9      | Reached skill level 5 in Spellcasting
  8164 | D:9      | Found Tyup's Assorted Antiques.
  8172 | D:9      | Bought a scroll labeled KIHUYMY METHAD for 28 gold pieces
  8242 | D:9      | Reached **** piety under Vehumet
  8322 | D:10     | Entered Level 10 of the Dungeon
  8322 | D:10     | Noticed Psyche
  8326 | D:10     | Killed Psyche
  8326 | D:10     | Reached skill level 14 in Air Magic
  8434 | D:10     | Noticed a two-headed ogre
  8448 | D:10     | Killed a two-headed ogre
  8448 | D:10     | Offered knowledge of Inner Flame by Vehumet.
  8480 | D:10     | Learned a level 5 spell: Lightning Bolt
  8561 | D:10     | Noticed a white ugly thing
  8562 | D:10     | Noticed a purple ugly thing
  8640 | D:10     | Noticed a green ugly thing
  8643 | D:10     | Noticed a green ugly thing
  8643 | D:10     | Noticed a brown ugly thing
  8644 | D:10     | Noticed a purple ugly thing
  8653 | D:10     | Killed a white ugly thing
  8663 | D:10     | Mangled by a white ugly thing

Vault maps used:
D:1:      scummos_arrival_gate
D:2:      gammafunk_temple_overflow_statue, uniq_robin, uniq_sigmund
D:3:      first_ration
D:4:      st_stairs_11, uniq_blork_the_orc
D:5:      uniq_crazy_yiuf_cottage
D:6:      old_forge, minmay_temple_entry_hall, kennysheep_generic_room_9,
          uniq_eustachio
D:7:      grunt_gozag_breadcrumbs
D:8:      kennysheep_little_box, lemuel_round_altar, uniq_joseph
D:9:      nicolae_ru_great_annihilating_truth, serial_column_ruins,
          column_ruins_hut, column_ruins_square_medium, column_ruins_open_tiny,
          column_ruins_columns_straight, column_ruins_grid_2,
          column_ruins_corridor_plus, column_ruins_grid_3, serial_shops, shop,
          shop, shop_statue, st_stairs_11
D:10:     cheibrodos_breeding_chamber, minmay_lair_entry_lava, uniq_psyche
Temple:   nicolae_temple_elliptical

Skill      XL: |  1  2  3  4  5  6  7  8  9 10 11 |
---------------+----------------------------------+-----
Spellcasting   | 2 3 4 5 |  5.6
Air Magic      | 4 5 6 8 11 12 13 14 | 14.3
Dodging        | 3 4 6 8 |  8.0
Stealth        | |  2.1
Conjurations   | |  0.7

Action                   |  1- 3 |  4- 6 |  7- 9 | 10-12 || total
-------------------------+-------+-------+-------+-------++-------
Melee: Whip              |     2 |       |       |       ||     2
       Flail             |       |    15 |    44 |       ||    59
       Trident           |       |       |    18 |    68 ||    86
 Cast: Shock             |    67 |    79 |   192 |   161 ||   499
       Airstrike         |       |     2 |    33 |    89 ||   124
       Static Discharge  |       |       |       |     6 ||     6
Evoke: Wand              |       |       |       |    12 ||    12
  Use: Scroll            |     4 |     6 |     9 |     1 ||    20
       Potion            |       |     1 |       |     3 ||     4
 Stab: Sleeping          |       |     2 |     1 |       ||     3
  Eat: Chunk             |     3 |     3 |    16 |    27 ||    49
       Ration            |       |     1 |     2 |       ||     3
Armor: Robe              |     1 |     5 |    38 |    51 ||    95
       Skin              |       |       |     1 |    14 ||    15
Dodge: Dodged            |    19 |    58 |   140 |   157 ||   374

Table legend:
 A = Spawn XP
 B = Non-spawn XP
 C = Spawn XP percentage of total XP
 D = Spawn monster count
 E = Non-spawn monster count
 F = Spawn count percentage of total count
 G = Total turns spent on level
                    A         B        C        D         E        F      G
               +---------+---------+-------+---------+---------+-------+---------
         Total |       0 |   13961 |   0.0 |       0 |     248 |   0.0 |  8663
               +---------+---------+-------+---------+---------+-------+---------
           D:1 |       0 |      51 |   0.0 |       0 |      27 |   0.0 |   807
           D:2 |       0 |     288 |   0.0 |       0 |      28 |   0.0 |   994
           D:3 |       0 |     786 |   0.0 |       0 |      29 |   0.0 |  1211
           D:4 |       0 |     416 |   0.0 |       0 |      17 |   0.0 |   654
           D:5 |       0 |     448 |   0.0 |       0 |      14 |   0.0 |   749
           D:6 |       0 |    1175 |   0.0 |       0 |      22 |   0.0 |   912
           D:7 |       0 |    1257 |   0.0 |       0 |      25 |   0.0 |  1047
           D:8 |       0 |    2122 |   0.0 |       0 |      26 |   0.0 |   865
           D:9 |       0 |    4360 |   0.0 |       0 |      49 |   0.0 |  1034
          D:10 |       0 |    3058 |   0.0 |       0 |      11 |   0.0 |   341
               +---------+---------+-------+---------+---------+-------+---------
